 Dungeon Crawl Stone Soup version 0.28-a0-768-g8c92f1e708 (webtiles) character file.

Game seed: 12348701950495838716

70 Gargoyl the Skirmisher (level 4, 0/41 HPs)
             Began as a Gnoll Abyssal Knight on Oct 31, 2021.
             Was a Follower of Lugonu.
             Succumbed to Sigmund's poison
             ... on level 3 of the Dungeon.
             The game lasted 00:03:29 (2201 turns).

Gargoyl the Skirmisher (Gnoll Abyssal Knight)       Turns: 2201, Time: 00:03:30

Health: 0/41       AC: 10    Str: 13    XL:     4   Next: 21%
Magic:  7/7        EV: 11    Int: 11    God:    Lugonu [*.....]
Gold:   95         SH:  0    Dex: 15    Spells: 5/5 levels left

rFire   + + .      SeeInvis .   a - +1 hand axe
rCold   + . .      Faith    .   (no shield)
rNeg    . . .      Spirit   .   f - +0 ring mail
rPois   +          Reflect  .   (no helmet)
rElec   +          Harm     .   b - +0 cloak
rCorr   +          Rampage  .   (no gloves)
Will    .....                   d - +2 pair of boots
Stlth   +.........              (no amulet)
HPRegen 0.13/turn               (no ring)
MPRegen 0.10/turn               (no ring)

@: confused, lethally poisoned (0 -> -3), resistant, hasted, very quick
A: fangs 1, strong nose, distributed training, thin skeletal structure 1, clever
1, fire resistance 1
a: Renounce Religion, Depart the Abyss


You were on level 3 of the Dungeon.
You worshipped Lugonu.
Lugonu was aware of your devotion.
You visited 1 branch of the dungeon, and saw 3 of its levels.
You visited the Abyss 1 time.

You collected 95 gold pieces.

Inventory:

Hand Weapons
 a - a +1 hand axe (weapon)
Armour
 b - a +0 cloak (worn)
 d - a +2 pair of boots (worn)
 f - a +0 ring mail (worn)
Jewellery
 j - a +4 ring of protection
Scrolls
 e - a scroll of fog
 h - a scroll of identify


   Skills:
 + Level 6.6 Fighting
 + Level 1.0 Short Blades
 + Level 1.0 Long Blades
 + Level 4.6 Axes
 + Level 1.0 Maces & Flails
 + Level 1.0 Polearms
 + Level 1.0 Staves
 + Level 1.0 Slings
 + Level 1.0 Bows
 + Level 1.0 Crossbows
 + Level 1.0 Throwing
 + Level 4.6 Armour
 + Level 2.7 Dodging
 + Level 1.0 Stealth
 + Level 1.0 Shields
 + Level 1.0 Unarmed Combat
 + Level 1.0 Spellcasting
 + Level 0.8 Conjurations
 + Level 0.8 Hexes
 + Level 0.8 Summonings
 + Level 0.8 Necromancy
 + Level 0.8 Translocations
 + Level 0.8 Transmutations
 + Level 0.8 Fire Magic
 + Level 0.8 Ice Magic
 + Level 0.8 Air Magic
 + Level 0.8 Earth Magic
 + Level 0.8 Poison Magic
 + Level 4.6 Invocations
 + Level 1.0 Evocations


You had 5 spell levels left.
You didn't know any spells.
Your spell library was empty.

Dungeon Overview and Level Annotations

Branches:
Dungeon (3/15)

Altars:

Shops:
D:2 [

Annotations:
D:3 Sigmund


Innate Abilities, Weirdness & Mutations

You have very sharp teeth.
Your uncanny sense of smell can sniff out nearby items.
Your experience applies equally to all skills.
You have a somewhat thin skeletal structure. (Dex +2, Stealth+)
Your mind is acute. (Int +2)
Your flesh is heat resistant. (rF+)


Message History

A magic dart appears from out of thin air!
The magic dart hits you.
Unknown command.
You hit something.
You feel sick. Something hits you.
You barely miss something. Your bite misses something.
You feel sick.
Unknown command.
You closely miss something.
You feel sick.
Unknown command.
You aren't carrying any potions.
Okay, then.
You hit something.
You feel sick. Something hits you.
You are more poisoned.
You completely miss something.
You feel sick.
Unknown command.
You barely miss something. Your bite misses something.
* * * LOW HITPOINT WARNING * * *
You feel sick.
You hear some strange, mumbled words.
Something tries to affect you, but you resist.
Unknown command.
You miss something.
* * * LOW HITPOINT WARNING * * *
You feel sick. Something barely misses you.
Unknown command.
You closely miss something.
You feel sick.
Unknown command.
You hit something.
You feel sick. Something hits you.
* * * LOW HITPOINT WARNING * * *
Unknown command.
You barely miss something.
* * * LOW HITPOINT WARNING * * *
You feel sick.
You miss something.
* * * LOW HITPOINT WARNING * * *
You feel sick.
You hear some strange, mumbled words.
You are confused.
Unknown command.
You miss something.
You die...

#########
#......?#
#.......#
#.......#
#..{....#
#..@....#
#.......#
#<.....(#
#..>....#
#........<
#.......#..
######### .


There were no monsters in sight!

Vanquished Creatures
  2 adders (D:2)
  A worm (D:2)
  2 ball pythons
  3 endoplasms
  3 giant cockroaches
  5 hobgoblins
  6 jackals (D:2)
  9 kobolds
  A quokka (D:1)
  3 bats
  A frilled lizard (D:1)
  6 goblins
  4 rats
46 creatures vanquished.

Notes
Turn   | Place    | Note
-------+----------+-------------------------------------------
     0 | Abyss:1  | Gargoyl the Gnoll Abyssal Knight began the quest for the
                  | Orb.
     0 | Abyss:1  | Reached XP level 1. HP: 23/23 MP: 3/3
    90 | Abyss:1  | Found a corrupted altar of Lugonu.
   132 | Abyss:1  | Noticed a small abomination
   137 | D:1      | Escaped the Abyss
   456 | D:1      | Reached XP level 2. HP: 19/29 MP: 5/5
   459 | D:1      | Reached * piety under Lugonu
   984 | D:1      | Reached XP level 3. HP: 35/35 MP: 6/6
  1551 | D:2      | Found Lidgh's Antique Armour Emporium.
  1641 | D:2      | Reached skill level 1 in Short Blades
  1641 | D:2      | Reached skill level 1 in Long Blades
  1641 | D:2      | Reached skill level 1 in Maces & Flails
  1641 | D:2      | Reached skill level 1 in Polearms
  1641 | D:2      | Reached skill level 1 in Staves
  1641 | D:2      | Reached skill level 1 in Slings
  1641 | D:2      | Reached skill level 1 in Bows
  1641 | D:2      | Reached skill level 1 in Crossbows
  1641 | D:2      | Reached skill level 1 in Throwing
  1641 | D:2      | Reached skill level 1 in Stealth
  1641 | D:2      | Reached skill level 1 in Shields
  1641 | D:2      | Reached skill level 1 in Unarmed Combat
  1641 | D:2      | Reached skill level 1 in Spellcasting
  1641 | D:2      | Reached skill level 1 in Evocations
  1641 | D:2      | Reached XP level 4. HP: 38/41 MP: 7/7
  1683 | D:2      | Gained mutation: Armour fits poorly on your strangely
                  | shaped body. [potion of mutation]
  1683 | D:2      | Gained mutation: Your mind is acute. (Int +2) [potion of
                  | mutation]
  1684 | D:2      | Lost mutation: Your mind is acute. (Int +2) [potion of
                  | mutation]
  1684 | D:2      | Lost mutation: Armour fits poorly on your strangely shaped
                  | body. [potion of mutation]
  1684 | D:2      | Gained mutation: Your mind is acute. (Int +2) [potion of
                  | mutation]
  1684 | D:2      | Gained mutation: You have a somewhat thin skeletal
                  | structure. (Dex +2, Stealth+) [potion of mutation]
  1684 | D:2      | Gained mutation: Your flesh is heat resistant. (rF+)
                  | [potion of mutation]
  2180 | D:3      | Noticed Sigmund
  2199 | D:3      | HP: 2/41 [poisoned by Sigmund]
  2201 | D:3      | Succumbed to Sigmund's poison

Illustrated notes

Levels and vault maps discovered:
D:1:      ncdulo_halloftheorcs, layout_basic
D:2:      layout_basic, serial_shops,
          nicolae_shop_temple_entry_statues_fountains, minmay_misc_feat_room,
          chequers_decorated_corner, kennysheep_generic_room_8
D:3:      kennysheep_goblin_castle, layout_rooms, gammafunk_ghost_stat_death,
          uniq_terence, uniq_sigmund

Skill      XL: |  1  2  3 |
---------------+----------+-----
Short Blades   | 1 |  1.0
Long Blades    | 1 |  1.0
Maces & Flails | 1 |  1.0
Polearms       | 1 |  1.0
Staves         | 1 |  1.0
Slings         | 1 |  1.0
Bows           | 1 |  1.0
Crossbows      | 1 |  1.0
Throwing       | 1 |  1.0
Stealth        | 1 |  1.0
Shields        | 1 |  1.0
Unarmed Combat | 1 |  1.0
Spellcasting   | 1 |  1.0
Evocations     | 1 |  1.0
Fighting       | |  6.6
Axes           | |  4.6
Armour         | |  4.6
Dodging        | |  2.7
Conjurations   | |  0.8
Hexes          | |  0.8
Summonings     | |  0.8
Necromancy     | |  0.8
Translocations | |  0.8
Transmutations | |  0.8
Fire Magic     | |  0.8
Ice Magic      | |  0.8
Air Magic      | |  0.8
Earth Magic    | |  0.8
Poison Magic   | |  0.8
Invocations    | |  4.6

Action                   |  1- 3 |  4- 6 || total
-------------------------+-------+-------++-------
Melee: Hand axe          |   105 |    43 ||   148
       Bite              |     7 |     2 ||     9
       Punch             |     1 |       ||     1
Invok: Depart the Abyss  |     1 |       ||     1
  Use: Potion            |     1 |     6 ||     7
       Scroll            |       |     4 ||     4
 Stab: Sleeping          |       |     1 ||     1
Armor: Leather armour    |     2 |       ||     2
       Ring mail         |    42 |    17 ||    59
Dodge: Dodged            |    75 |    21 ||    96

Table legend: (Time is in decaauts)
 A = Elapsed time spent in this place.
 B = Non-inter-level travel time spent in this place.
 C = Inter-level travel time spent in this place.
 D = Time resting spent in this place.
 E = Time spent auto-exploring this place.
 F = Levels seen in this place.
 G = Mean time per level.
                   A        B        C        D        E       F      G
               +--------+--------+--------+--------+--------+-----+--------+
         Total |   2205 |   2131 |     74 |     31 |   1639 |   4 |  551.2 |
       Dungeon |   2068 |   1994 |     74 |      0 |   1573 |   3 |  689.3 |
         Abyss |    137 |    137 |      0 |     31 |     66 |   1 |  137.0 |
               +--------+--------+--------+--------+--------+-----+--------+

Top non-repeatable levels by time:
     D:2: 1093 daAuts
     D:1: 959 daAuts
 Abyss:1: 137 daAuts
     D:3: 16 daAuts
